 Dungeon Sprint DCSS version 0.30-a0-840-ga523dec638 (webtiles) character file.

Game seed: 18037934437102978959

288 rocky1 the Thaumaturge (level 10, 0/59 HPs)
             Began as a Deep Elf Fire Elementalist on Mar 1, 2023.
             Was a High Priest of Vehumet.
             Slain by a hell hound (8 damage)
             ... in the Dungeon (Sprint VI: "Thunderdome").
             The game lasted 00:10:44 (1006 turns).

rocky1 the Thaumaturge (Deep Elf Fire Elementalist) Turns: 1006, Time: 00:10:44

Health: 0/59       AC:  3    Str: 14    XL:     10   Next: 12%
Magic:  22/30      EV: 16    Int: 33    God:    Vehumet [*****.]
Gold:   4          SH:  5    Dex: 22    Spells: 18/38 levels left

rFire   + + +      SeeInvis .    c - staff of conjuration
rCold   . . .      Faith    .    (no shield)
rNeg    . . .      Spirit   .    p - +0 leather armour
rPois   .          Reflect  +    (no helmet)
rElec   .          Harm     .    (no cloak)
rCorr   .          Rampage  +    (no gloves)
Will    +....      NoTele   +    (no boots)
Stlth   ++                       m - amulet of Isixudavvu {Reflect Rampage *Corrode rF+++ Str+3 SH+5}
HPRegen 0.29/turn                l - ring "Keho Largha" {Int+6 Dex+7}
MPRegen 0.22/turn                n - ring "Qader" {Str+6 Int+2}

@: no status effects
A: no striking features
}: 1/15 runes: serpentine
a: Renounce Religion


You were in the Dungeon.
You worshipped Vehumet.
Vehumet was extremely pleased with you.
You visited 1 branch You collected 590 gold pieces.
You spent 586 gold pieces at shops.

Inventory:

Hand Weapons
 q - a +0 short sword
Armour
 a - a +0 robe
 p - a +0 leather armour (worn)
Magical Staves
 c - a staff of conjuration (weapon)
Jewellery
 l - the ring "Keho Largha" (left hand) {Int+6 Dex+7}
   (You bought it in a shop in the Dungeon)

   [ring of intelligence]

   Int:       It affects your intelligence (+6).
   Dex:       It affects your dexterity (+7).
 m - the amulet of Isixudavvu (around neck) {Reflect Rampage *Corrode rF+++ Str+3 SH+5}
   (You bought it in a shop in the Dungeon)

   [amulet of reflection]

   It reflects blocked missile attacks.
   Str:       It affects your strength (+3).
   rF:        It renders you almost immune to fire.
   *Corrode:  It may corrode you when you take damage.
   SH:        It affects your SH (+5).
   Rampage:   It bestows one free step when moving towards enemies.
 n - the ring "Qader" (right hand) {Str+6 Int+2}
   (You bought it in a shop in the Dungeon)

   [ring of strength]

   Str:       It affects your strength (+6).
   Int:       It affects your intelligence (+2).
 o - the amulet "Luuheamn" {Acrobat SInv}
   (You bought it in a shop in the Dungeon)

   [amulet of the acrobat]

   It increases your evasion while moving and waiting.
   SInv:      It lets you see invisible.
Wands
 i - a wand of quicksilver (5)
 j - a wand of iceblast (4)
Scrolls
 g - a scroll of blinking
 k - 3 scrolls of fog
Potions
 b - a potion of magic
 d - 3 potions of heal wounds
 e - 4 potions of haste
 f - a potion of berserk rage
 h - a potion of resistance


   Skills:
 - Level 5.4 Fighting
 - Level 5.9 Dodging
 - Level 2.4 Stealth
 + Level 14.8 Spellcasting
 + Level 13.3 Conjurations
 + Level 13.7 Fire Magic
 + Level 4.8 Earth Magic


You had 18 spell levels left.
You knew the following spells:

 Your Spells              Type           Power      Damage    Failure   Level
a - Foxfire               Conj/Fire      100%       2x1d9     0%          1
b - Scorch                Fire           100%       2d10      0%          2
c - Flame Wave            Conj/Fire      100%       2d21      1%          4
d - Inner Flame           Hex/Fire       62%        N/A       1%          3
e - Kindle Blastsparks    Fire/Tloc/Air  100%       2d18      1%          3
f - Sandblast             Erth           100%       2d20      1%          1
g - Blink                 Tloc           48%        N/A       3%          2
h - Iskenderun's Mystic   Conj/Tloc      80%        2d16      1%          4

Your spell library contained the following spells:

 Spells                   Type           Power      Damage    Failure   Level
 Dazzling Flash           Conj/Hex       100%       N/A       1%          3
 Momentum Strike          Conj/Tloc      100%       3d10      1%          2
 Fulminant Prism          Conj/Hex       40%        3d19      1%          4
 Lee's Rapid Deconstruct  Erth           27%        3d14*     2%          5
 Lesser Beckoning         Tloc           48%        N/A       3%          2


Dungeon Overview and Level Annotations

Branches:
Dungeon (1/1)

Altars:
Cheibriados
Dithmenos
Fedhas
Gozag
Kikubaaqudgha
Makhleb
Okawaru
Qazlal
Ru
Sif Muna
Trog
Uskayaw
Vehumet
Wu Jian
Xom
Yredelemnul
Zin
The Shining One
Lugonu

Shops:
D *[??*?*:[((!!!!


Message History

The blast of flame hits the sun demon.
The sun demon completely resists.
The blast of flame hits you. You resist.
* * * LOW HITPOINT WARNING * * *
You feel much better. The sun demon misses you.
Aiming: Sandblast (safe; 1% risk of failure)
Press: ? - help, Q - select action, (/) - cycle Shift-Dir - straight line, f/p - sun demon
Aim: a sun demon (almost dead, 81% to hit)
The blast of sand hits the sun demon.
The sun demon is almost dead.
The sun demon hits you.
You are engulfed in flames.
You resist. The sun demon hits you!
You are engulfed in flames.
You resist. The hell hound breathes flames at you. The blast of flame hits you.
You resist.
Aiming: Sandblast (safe; 1% risk of failure)
Press: ? - help, Q - select action, (/) - cycle Shift-Dir - straight line, f/p - sun demon
Aim: a sun demon (almost dead, 81% to hit)
The blast of sand hits the sun demon.
You kill the sun demon!
Vehumet accepts your kill.
You feel your power returning. You block the hell hound's attack.
The hell hound bites you.
* * * LOW HITPOINT WARNING * * *
Your Conjurations skill increases to level 13!
Your Earth Magic skill increases to level 4!
You have reached level 10!
Aiming: Sandblast (safe; 1% risk of failure)
Press: ? - help, Q - select action, (/) - cycle Shift-Dir - straight line, f - hell hound
Aim: a hell hound (catching its breath, 80% to hit)
The blast of sand hits the hell hound!
The hell hound is moderately wounded.
The hell hound bites you!
* * * LOW HITPOINT WARNING * * *
The hell hound misses you.
Aiming: Sandblast (safe; 1% risk of failure)
Press: ? - help, Q - select action, (/) - cycle Shift-Dir - straight line, f/p - hell hound
Aim: a hell hound (moderately wounded, 80% to hit)
The blast of sand hits the hell hound.
The hell hound is heavily wounded.
The hell hound bites you!
You die...

#∩.......∩# #........_#
#_......._# #_..)...._#
###.[.......###
#⌠).....[..☼.⌠#
######.8....[....8.######
##.___....h.###...[.._._∩#
###∩.......@8.# #.8........∩
##.............###.......[...
#⌠....[.....###...###).......
#⌠........[.# #.<.# #........
#⌠..........###...###........
##.............###...........
###∩.......[8.# #.8........∩
##∩___......###.......__∩#
######.8.........8.######


You could see a hell hound.

Vanquished Creatures
  A naga warrior (D)
  A sun demon (D)
  Sigmund (D)
  3 wraiths (D)
  A fire bat (D)
  2 fire elementals (D)
  A hell hound (D)
  2 orc warriors (D)
  An ogre (D)
  A wight (D)
  Jessica (D)
  2 orc wizards (D)
  A spectral adder (D)
  6 orcs (D)
  A goblin (D)
  A bat (D)
  A rat (D)
  A spectral jackal (D)
28 creatures vanquished.

Vanquished Creatures (others)
  71 foxfires (D)
71 creatures vanquished.

Grand Total: 99 creatures vanquished

Notes
Turn   | Place    | Note
-------+----------+-------------------------------------------
     0 | D        | rocky1 the Deep Elf Fire Elementalist began the quest for
                  | the Orb.
     0 | D        | Reached XP level 1. HP: 10/10 MP: 6/6
     3 | D        | Found an ornate altar of the Wu Jian Council.
     3 | D        | Found a shimmering blue altar of Sif Muna.
     4 | D        | Found a corrupted altar of Lugonu.
     5 | D        | Found a radiant altar of Vehumet.
     5 | D        | Found a burning altar of Makhleb.
     5 | D        | Round 1.
     6 | D        | Found a glowing golden altar of the Shining One.
     6 | D        | Found an iron altar of Okawaru.
     6 | D        | Found Woupsaif's Identification Station.
     7 | D        | Found Bute's Jewellery.
     7 | D        | Found Gumpuuts's Advanced Armour.
    10 | D        | Found Kukk's Magic Scroll Shop.
    11 | D        | Found a basalt altar of Yredelemnul.
    11 | D        | Found an ancient bone altar of Kikubaaqudgha.
    11 | D        | Found a stormy altar of Qazlal.
    11 | D        | Found Kepta Awnot's Staff Store.
    11 | D        | Found Ingykhuk's Magic Scroll Shop.
    11 | D        | Found Peanes's Must-Have Magic.
    15 | D        | Found a shimmering altar of Xom.
    17 | D        | Found a bloodstained altar of Trog.
    18 | D        | Found Xexkyotu's Distillery.
    19 | D        | Found Yfipnuo's Distillery.
    19 | D        | Found Ryfahori's Bottled Wisdom.
    19 | D        | Found a hide-covered altar of Uskayaw.
    19 | D        | Found a snail-covered altar of Cheibriados.
    19 | D        | Found Boxtedogiwk's Do-It-Yourself Clinic.
    25 | D        | Found a shadowy altar of Dithmenos.
    29 | D        | Found a sacrificial altar of Ru.
    30 | D        | Found Anieka's Weapon Rack.
    32 | D        | Found Igid's Basic Armour.
    32 | D        | Found Lungish's Miscellaneous Merchandise.
    33 | D        | Found a glowing silver altar of Zin.
    33 | D        | Found an opulent altar of Gozag.
    33 | D        | Found a blossoming altar of Fedhas.
    33 | D        | Found Venoac's Premium Goods.
   140 | D        | Noticed Jessica
   141 | D        | Noticed Sigmund
   142 | D        | Killed Jessica
   143 | D        | Reached skill level 4 in Spellcasting
   143 | D        | Reached skill level 5 in Fire Magic
   143 | D        | Reached XP level 2. HP: 15/15 MP: 5/9
   143 | D        | Reached XP level 3. HP: 19/19 MP: 5/10
   147 | D        | Killed Sigmund
   147 | D        | Arena points: 12 (+12) [x2]
   148 | D        | Reached skill level 5 in Dodging
   148 | D        | Reached skill level 6 in Spellcasting
   148 | D        | Reached XP level 4. HP: 24/24 MP: 1/14
   148 | D        | Reached XP level 5. HP: 28/28 MP: 1/16
   165 | D        | Bought a clouded wooden ring for 45 gold pieces
   165 | D        | Identified the ring "Keho Largha" {Int+6 Dex+7} (You bought
                  | it in a shop in the Dungeon)
   165 | D        | Bought an ancient brass amulet for 45 gold pieces
   165 | D        | Identified the amulet of Isixudavvu {Reflect Rampage
                  | *Corrode rF+++ Str+3 SH+5} (You bought it in a shop in the
                  | Dungeon)
   165 | D        | Bought a brightly glowing steel ring for 45 gold pieces
   165 | D        | Identified the ring "Qader" {Str+6 Int+2} (You bought it in
                  | a shop in the Dungeon)
   165 | D        | Bought an ancient emerald amulet for 45 gold pieces
   165 | D        | Identified the amulet "Luuheamn" {Acrobat SInv} (You bought
                  | it in a shop in the Dungeon)
   175 | D        | Became a worshipper of Vehumet
   208 | D        | Round 2.
   217 | D        | Learned a level 2 spell: Scorch
   299 | D        | Learned a level 4 spell: Flame Wave
   303 | D        | Learned a level 3 spell: Inner Flame
   307 | D        | Learned a level 3 spell: Kindle Blastsparks
   311 | D        | Reached * piety under Vehumet
   311 | D        | Offered knowledge of Sandblast by Vehumet.
   336 | D        | Reached ** piety under Vehumet
   336 | D        | Arena points: 54 (+42) [x3]
   409 | D        | Round 3.
   437 | D        | Learned a level 1 spell: Sandblast
   454 | D        | Noticed an orc warrior
   458 | D        | Killed an orc warrior
   458 | D        | Offered knowledge of Magic Dart by Vehumet.
   459 | D        | Reached skill level 8 in Spellcasting
   459 | D        | Reached XP level 6. HP: 32/32 MP: 12/19
   503 | D        | Noticed an orc warrior
   508 | D        | Killed an orc warrior
   509 | D        | Reached skill level 9 in Spellcasting
   512 | D        | Reached skill level 10 in Fire Magic
   532 | D        | Reached *** piety under Vehumet
   533 | D        | Reached skill level 10 in Spellcasting
   536 | D        | Reached XP level 7. HP: 36/36 MP: 12/22
   540 | D        | Noticed an orc knight
   546 | D        | Arena points: 72 (+18) [x1]
   561 | D        | Round 4.
   578 | D        | Noticed a wraith
   587 | D        | Noticed a wraith
   593 | D        | Killed a wraith
   594 | D        | Reached skill level 10 in Conjurations
   606 | D        | Killed a wraith
   606 | D        | Offered knowledge of Hailstorm by Vehumet.
   607 | D        | Reached skill level 11 in Spellcasting
   607 | D        | Reached **** piety under Vehumet
   614 | D        | Noticed a wraith
   620 | D        | Killed a wraith
   621 | D        | Reached skill level 12 in Spellcasting
   623 | D        | Reached XP level 8. HP: 30/41 MP: 6/26
   655 | D        | Arena points: 128 (+56) [x2]
   701 | D        | Round 5.
   705 | D        | Noticed a naga warlord
   732 | D        | Killed a naga warlord
   732 | D        | Arena points: 288 (+160) [x4]
   733 | D        | Reached skill level 13 in Spellcasting
   735 | D        | Got a serpentine rune of Zot
   736 | D        | Reached skill level 5 in Fighting
   736 | D        | Reached XP level 9. HP: 43/54 MP: 25/28
   776 | D        | Bought a book of Blasting for 280 gold pieces
   776 | D        | Bought a book of Spatial Translocations for 126 gold pieces
   779 | D        | Learned a level 2 spell: Blink
   784 | D        | Learned a level 4 spell: Iskenderun's Mystic Blast
   915 | D        | Round 6.
   937 | D        | Offered knowledge of Dazzling Flash by Vehumet.
   937 | D        | Reached ***** piety under Vehumet
   938 | D        | Reached skill level 1 in Earth Magic
   979 | D        | Reached skill level 14 in Spellcasting
   997 | D        | Noticed a sun demon
  1004 | D        | Killed a sun demon
  1005 | D        | Reached XP level 10. HP: 18/59 MP: 23/30
  1006 | D        | Slain by a hell hound

Illustrated notes

Levels and vault maps discovered:
D:        arena_sprint

Skill      XL: |  1  2  3  4  5  6  7  8  9 |
---------------+----------------------------+-----
Conjurations   | 3 7 8 9 11 12 13 | 13.3
Dodging        | 3 5 |  5.9
Spellcasting   | 4 6 8 10 12 13 14 | 14.8
Fire Magic     | 5 7 8 10 11 12 13 | 13.7
Fighting       | 5 |  5.4
Earth Magic    | 4 |  4.8
Stealth        | |  2.4

Action                     |  1- 3 |  4- 6 |  7- 9 | 10-12 || total
---------------------------+-------+-------+-------+-------++-------
  Melee: Short sword       |       |       |     1 |       ||     1
   Cast: Foxfire           |     8 |    22 |    15 |       ||    45
         Kindle Blastspark |       |     2 |       |       ||     2
         Scorch            |       |     6 |    28 |       ||    34
         Sandblast         |       |       |    27 |     2 ||    29
  Evoke: Wand              |     1 |       |       |       ||     1
    Use: Potion            |       |       |     7 |       ||     7
         Scroll            |       |       |     3 |       ||     3
 Armour: Leather armour    |       |       |     7 |       ||     7
  Dodge: Dodged            |     1 |     1 |    26 |     1 ||    29
  Block: Other             |       |       |    11 |       ||    11

Table legend: (Time is in decaauts)
 A = Elapsed time spent in this place.
 B = Non-inter-level travel time spent in this place.
 C = Inter-level travel time spent in this place.
 D = Time resting spent in this place.
 E = Time spent auto-exploring this place.
 F = Levels seen in this place.
 G = Mean time per level.
                   A        B        C        D        E       F      G
               +--------+--------+--------+--------+--------+-----+--------+
         Total |   1028 |   1028 |      0 |    323 |     12 |   1 | 1028.0 |
       Dungeon |   1028 |   1028 |      0 |    323 |     12 |   1 | 1028.0 |
               +--------+--------+--------+--------+--------+-----+--------+

Top non-repeatable levels by time:
       D: 1028 daAuts
